 Dungeon Crawl Stone Soup version 0.29.1-2-gbd0b4ee654 (webtiles) character file.

Game seed: 9050250473031876741

2769 leafyfresh the Destroyer (level 9, -8/50 HPs)
             Began as a Tengu Air Elementalist on Nov 9, 2022.
             Was a Follower of Vehumet.
             Mangled by an orc warlord
             ... wielding a +6 broad axe
              (22 damage)
             ... in a bailey.
             The game lasted 00:26:17 (8624 turns).

leafyfresh the Destroyer (Tengu Air Elementalist)   Turns: 8624, Time: 00:26:17

Health: -8/50      AC:  5    Str:  8    XL:     9   Next: 69%
Magic:  14/25      EV: 19    Int: 32    God:    Vehumet [*.....]
Gold:   354        SH:  0    Dex: 21    Spells: 5/20 levels left

rFire   . . .      SeeInvis .   C - +6 Majin-Bo {vamp, MP+6 Int+6}
rCold   . . .      Faith    .   (shield currently unavailable)
rNeg    . . .      Spirit   .   a - +0 robe
rPois   .          Reflect  .   (helmet restricted)
rElec   .          Harm     .   (no cloak)
rCorr   .          Rampage  .   l - +2 pair of gloves
Will    .....                   (boots unavailable)
Stlth   +++.......              (no amulet)
HPRegen 0.16/turn               E - +6 ring of intelligence
MPRegen 0.19/turn               B - +6 ring of dexterity

@: swift, flying quickly and evasively, very quick
A: beak, talons 3, nimble flight, claws 1, screaming 1
a: Renounce Religion


You were in a bailey.
You worshipped Vehumet.
Vehumet was aware of your devotion.
You visited 2 branches of the dungeon, and saw 8 of its levels.
You also visited: Bailey.

You collected 354 gold pieces.

Inventory:

Hand Weapons
 C - the +6 Majin-Bo (weapon) {vamp, MP+6 Int+6}
   (You acquired it on level 6 of the Dungeon)

   It heals its wielder for a portion of the damage dealt when they wound a
   living foe with it or with a spell.
   Its wielder's spells cost health as well as magical power.
   Int:       It affects your intelligence (+6).
   MP:        It affects your magic capacity (+6).
Armour
 a - a +0 robe (worn)
 l - a +2 pair of gloves (worn)
Jewellery
 e - a +6 ring of strength
 n - a ring of ice
 B - a +6 ring of dexterity (right hand)
 E - a +6 ring of intelligence (left hand)
Wands
 o - a wand of mindburst (14)
 s - a wand of quicksilver (9)
 F - a wand of roots (7)
Scrolls
 c - a scroll of magic mapping {unknown}
 f - a scroll of fear
 i - a scroll of silence {unknown}
 j - a scroll of brand weapon {unknown}
 t - a scroll of enchant weapon {unknown}
 u - a scroll of butterflies {unknown}
 x - a scroll of amnesia {unknown}
 y - 3 scrolls of immolation
 z - a scroll of vulnerability {unknown}
Potions
 b - a potion of magic
 g - 2 potions of ambrosia {unknown}
 h - 4 potions of curing
 k - a potion of lignification
 p - a potion of invisibility {unknown}
 q - a potion of attraction {unknown}
 r - a potion of berserk rage
 v - a potion of might {unknown}
 w - a potion of resistance
 A - 3 potions of flight
 D - a potion of heal wounds {unknown}


   Skills:
 - Level 3.0 Fighting
 - Level 6.3 Dodging
 - Level 4.0 Stealth
 + Level 6.1 Spellcasting
 + Level 9.6 Conjurations
 - Level 7.3 Air Magic


You had 5 spell levels left.
You knew the following spells:

 Your Spells              Type           Power      Damage    Failure   Level
a - Shock                 Conj/Air       100%       1d9       1%          1
b - Static Discharge      Conj/Air       59%        3-11/arc  1%          2
c - Swiftness             Air            54%        N/A       1%          3
d - Airstrike             Air            27%        2d(4-20)  2%          4
e - Mephitic Cloud        Conj/Pois/Air  46%        N/A       1%          3
f - Blink                 Tloc           18%        N/A       7%          2

Your spell library contained the following spells:

 Spells                   Type           Power      Damage    Failure   Level
 Scorch                   Fire           18%        2d6       7%          2
 Foxfire                  Conj/Fire      100%       2x1d9     1%          1
 Magic Dart               Conj           100%       1d8       1%          1
 Conjure Flame            Conj/Fire      40%        6-21      1%          3
 Apportation              Tloc           18%        N/A       4%          1
 Necrotise                Necr           36%        1d5       4%          1
 Summon Small Mammal      Summ           36%        N/A       4%          1
 Flame Wave               Conj/Fire      40%        2d11      6%          4
 Call Imp                 Summ           9%         N/A       7%          2
 Inner Flame              Hex/Fire       9%         N/A       14%         3
 Lesser Beckoning         Tloc           9%         N/A       14%         3
 Manifold Assault         Tloc           9%         N/A       77%         5


Dungeon Overview and Level Annotations

Branches:
Dungeon (7/15)             Temple (1/1) D:6          Bailey (1/1)

Altars:
Cheibriados
Elyvilon
Fedhas
Hepliaklqana
Makhleb
Qazlal
Ru
Sif Muna
Trog
Uskayaw
Vehumet
Wu Jian
Zin
The Shining One


Innate Abilities, Weirdness & Mutations

You have a beak for a mouth.
You have claws for feet.
Your magical nature lets you fly swiftly and evasively.
You have sharp fingernails.
You occasionally shout uncontrollably at your foes.


Message History

Confirm with . or Enter, or press ? or * to list all spells.
Aiming: Shock (safe; 1% risk of failure)
Press: ? - help, Shift-Dir - straight line, f/p - orc warlord
Aim: an orc warlord, wielding a +6 broad axe and wearing a +0 chain mail (noxious fumes, lightly wounded, 81% to hit)
The zap hits the orc warlord but does no damage.
The orc warlord is lightly wounded.
The orc warlord is engulfed in noxious fumes.
The orc warlord appears confused.
Things that are here:
a +0 hand axe; a +0 leather armour You strike the helpless orc warlord from behind!
You sock the orc warlord!
You claw the orc warlord, but do no damage.
The orc warlord is lightly wounded.
The orc warlord completely misses you.
You hit the orc warlord.
You feel better.
The orc warlord is lightly wounded.
The orc warlord seems less confused.
The orc warlord closely misses you.
You thump the orc warlord!
The orc warlord is moderately wounded.
The orc warlord hits you with a +6 broad axe!!
Ouch! That really hurt!
Unknown command.
Casting: Shock (safe; 1% risk of failure)
Confirm with . or Enter, or press ? or * to list all spells.
Okay, then.
Casting: Shock (safe; 1% risk of failure)
Confirm with . or Enter, or press ? or * to list all spells.
You don't know that spell.
Unknown command.
Casting: Shock (safe; 1% risk of failure)
Confirm with . or Enter, or press ? or * to list all spells.
Okay, then.
Unknown command.
Casting: Shock (safe; 1% risk of failure)
Confirm with . or Enter, or press ? or * to list all spells.
You feel quick.
* * * LOW HITPOINT WARNING * * *
The orc warlord hits you with a +6 broad axe!!
You die...

### ### ###.### ###.###
###.....### ###.....###
##.........###.........#
#........)..#...........
#.......o...'...).......
#.....⌠@....#.....⌠.....
#....)......#...........
#...))......#........... ♣♣
###.)))..)..###......)[[# .♣♣♣
###)#+#..)).###.###.o...#+#
.♣.♣###.....###.###.....###.###..
...##......)..###)........###...)
...#...........#$$..o..... #8....
...'.....).....#$g.o...... #8....


You could see an orc warlord.

Vanquished Creatures
  2 orc knights (Bailey)
  2 sky beasts
  8 orc warriors (Bailey)
  A phantom (D:6)
  A bullfrog (D:6)
  A gnoll sergeant (D:5)
  3 scorpions
  A jelly (D:7)
  2 gnoll boudas
  4 iguanas
  17 gnolls
  12 adders
  4 white imps
  An ufetubus (D:5)
  5 worms
  3 dart slugs
  14 orcs
  5 bats
  4 endoplasms
  4 giant cockroaches
  26 goblins
  13 hobgoblins
  3 jackals (D:3)
  4 kobolds
  6 quokkas
  4 ball pythons
  4 rats
154 creatures vanquished.

Notes
Turn   | Place    | Note
-------+----------+-------------------------------------------
     0 | D:1      | leafyfresh the Tengu Air Elementalist began the quest for
                  | the Orb.
     0 | D:1      | Reached XP level 1. HP: 10/10 MP: 4/4
   200 | D:1      | Reached skill level 2 in Conjurations
   207 | D:1      | Reached XP level 2. HP: 7/15 MP: 0/6
  1092 | D:2      | Learned a level 2 spell: Static Discharge
  1100 | D:2      | Found a stormy altar of Qazlal.
  1153 | D:2      | Reached XP level 3. HP: 15/19 MP: 3/7
  1339 | D:2      | Reached skill level 3 in Conjurations
  1508 | D:2      | Reached skill level 5 in Air Magic
  1792 | D:2      | Reached XP level 4. HP: 22/24 MP: 1/8
  2452 | D:3      | Reached skill level 4 in Conjurations
  2495 | D:3      | Noticed an earth elemental
  2498 | D:3      | Noticed an air elemental
  2500 | D:3      | Found a stormy altar of Qazlal.
  2502 | D:3      | Noticed a fire elemental
  2502 | D:3      | Noticed a water elemental
  3169 | D:3      | Gained mutation: Your magical nature lets you fly swiftly
                  | and evasively. [Tengu growth]
  3169 | D:3      | Reached XP level 5. HP: 21/28 MP: 4/9
  3706 | D:4      | Found a white marble altar of Elyvilon.
  3726 | D:4      | Reached skill level 1 in Fighting
  3997 | D:4      | Found an ornate altar of the Wu Jian Council.
  4068 | D:4      | Became a worshipper of Elyvilon the Healer
  4090 | D:5      | Entered Level 5 of the Dungeon
  4114 | D:4      | Reached XP level 6. HP: 8/35 MP: 1/10
  4676 | D:5      | Identified the +0 pair of boots of Amocric {Rampage rC+
                  | Str+2}
  5112 | D:5      | Reached XP level 7. HP: 29/40 MP: 4/11
  5698 | D:5      | Gained mutation: You occasionally shout uncontrollably at
                  | your foes. [potion of mutation]
  5698 | D:5      | Gained mutation: You have sharp fingernails. [potion of
                  | mutation]
  5787 | D:6      | Found a staircase to the Ecumenical Temple.
  5792 | D:6      | Reached * piety under Elyvilon
  5820 | D:6      | Found a glowing golden altar of the Shining One.
  5835 | Temple   | Entered the Ecumenical Temple
  5872 | Temple   | Fell from the grace of Elyvilon
  5872 | Temple   | Became a worshipper of Vehumet
  5892 | D:6      | Reached skill level 5 in Dodging
  6424 | D:5      | Learned a level 3 spell: Swiftness
  6429 | D:5      | Learned a level 4 spell: Airstrike
  6891 | D:6      | Reached XP level 8. HP: 18/46 MP: 1/12
  7297 | D:7      | Identified 2 scrolls of acquirement
  7297 | D:7      | Acquired a +6 ring of intelligence
  7336 | D:6      | Acquired the +6 Majin-Bo {vamp, MP+6 Int+6}
  7336 | D:6      | Found the +6 Majin-Bo {vamp, MP+6 Int+6}
  7407 | D:7      | Found a bloodstained altar of Trog.
  7659 | D:7      | Reached skill level 5 in Conjurations
  7812 | D:7      | Found a flagged portal.
  7828 | Bailey   | Entered a bailey
  7946 | Bailey   | Reached * piety under Vehumet
  7946 | Bailey   | Offered knowledge of Freeze by Vehumet.
  8179 | Bailey   | Noticed an orc knight
  8199 | Bailey   | Reached skill level 6 in Conjurations
  8200 | Bailey   | Killed an orc knight
  8201 | Bailey   | Reached skill level 7 in Conjurations
  8201 | Bailey   | Reached XP level 9. HP: 50/50 MP: 11/17
  8201 | Bailey   | Noticed an orc warlord
  8201 | Bailey   | Noticed an orc knight
  8209 | Bailey   | Reached skill level 8 in Conjurations
  8210 | Bailey   | Reached skill level 5 in Spellcasting
  8370 | Bailey   | Killed an orc knight
  8371 | Bailey   | Reached skill level 9 in Conjurations
  8538 | Bailey   | Offered knowledge of Scorch by Vehumet.
  8592 | Bailey   | Learned a level 3 spell: Mephitic Cloud
  8595 | Bailey   | Learned a level 2 spell: Blink
  8624 | Bailey   | Mangled by an orc warlord

Illustrated notes

Levels and vault maps discovered:
D:1:      minmay_arrival_wavy_path, layout_basic, solitary_fountain,
          grunt_decor_mini_mirrors
D:2:      minmay_chambers_of_twos, layout_basic, basic_altar
D:3:      layout_rooms, nicolae_qazlal_style_of_elements
D:4:      layout_rooms, nzn_wu_jian_contemplation, elyvilon_altar_5
D:5:      layout_basic
D:6:      layout_basic, tso_metal_star, minmay_temple_entry_arrows
D:7:      layout_basic, nemelex_xobeh_ov_fountains_minmay,
          dk_yredelemnul_ordeal, mainiacjoe_overflow_alcove_2, enter_bailey_5,
          st_stairs_14, kennysheep_generic_room_6
Temple:   nicolae_temple_great_sept
Bailey:   bailey_axe_minmay_hex_keep, bailey

Skill      XL: |  1  2  3  4  5  6  7  8  9 |
---------------+----------------------------+-----
Conjurations   | 2 3 4 7 9 |  9.6
Air Magic      | 5 6 7 |  7.3
Fighting       | 1 2 3 |  3.0
Dodging        | 3 4 6 |  6.3
Stealth        | 3 4 |  4.0
Spellcasting   | 4 6 |  6.1

Action                   |  1- 3 |  4- 6 |  7- 9 || total
-------------------------+-------+-------+-------++-------
Melee: Dagger            |    58 |    33 |    13 ||   104
       Peck              |     7 |     4 |     8 ||    19
       Kick              |    12 |     7 |    10 ||    29
       Punch             |     1 |       |     1 ||     2
       Quarterstaff      |       |       |    35 ||    35
 Cast: Shock             |    13 |    67 |    72 ||   152
       Static Discharge  |     5 |    21 |    45 ||    71
       Airstrike         |       |       |     7 ||     7
       Swiftness         |       |       |     3 ||     3
       Mephitic Cloud    |       |       |     1 ||     1
Evoke: Wand              |       |       |     1 ||     1
  Use: Scroll            |       |     4 |    12 ||    16
       Potion            |       |       |     2 ||     2
 Stab: Sleeping          |     3 |     7 |       ||    10
       Confused          |       |       |     1 ||     1
Armor: Robe              |    14 |    13 |     4 ||    31
Dodge: Dodged            |    49 |    35 |    67 ||   151
